AoeStats
← Křovák

MegaRandom

503630418Analyzed
1v1 RM · 1mo ago on Sep 1, 2026· 40m 41s· 2 players
Game mode
Random Map
Map size
Tiny (2 player)
Population
200
Speed
Normal
Resources
Standard
Victory
Conquest
Starting age
Dark Age
Ending age
Imperial Age
RankedLock teamsTeams togetherTeam positionsShared explorationLock speedFull tech treeHidden civsTurbo modeCheats
Victory
Defeat
🇩🇪 Spanish · Germany
951
+14
🇨🇿 Byzantines · Czechia
917
-14
Křovák
7:18 Loom
10:38 Feudal Age
11:16 Double-Bit Axe
14:12 Horse Collar
20:05 Castle Age
23:05 Fletching
24:38 Bodkin Arrow
30:51 Elite Skirmisher
ZockerRaph
9:44 Feudal Age
15:12 Castle Age
15:13 Loom
18:41 Horse Collar
21:31 Loom
27:11 Wheelbarrow
26:21 Town Watch
28:18 Gold Mining
29:00 Fletching
33:13 Padded Archer Armor
33:09 Bodkin Arrow
40:21 Imperial Age
40:03 Ballistics
40:00 Leather Archer Armor
Connection lost

Rejoining the realm…

Still unreachable

The connection could not be restored.

Session expired

The server has moved on; the page needs a fresh start.